 Dungeon Crawl Stone Soup version 0.27-a0-1177-g245c70e1c0 (webtiles) character file.

Game seed: 2074161271921035420

353010 tilp the Worldbinder (level 22, -8/184 HPs)
             Began as a Barachi Summoner on May 15, 2021.
             Was the Champion of Okawaru.
             Killed from afar by a crystal guardian (28 damage)
             ... with a crystal bolt
             ... led by a peacekeeper
             ... on level 3 of the Vaults on May 16, 2021.
             The game lasted 02:39:01 (77724 turns).

tilp the Worldbinder (Barachi Summoner)            Turns: 77724, Time: 02:39:01

Health: -8/184     AC: 25    Str: 23    XL:     22   Next: 26%
Magic:  32/38      EV: 21    Int: 15    God:    Okawaru [******]
Gold:   616        SH: 10    Dex: 13    Spells: 28/45 levels left

rFire    + + +     SeeInvis +   a - +10 zealot's sword {holy, *Rage rN+ EV+3}
rCold    . . .     Faith    .   i - +0 buckler {AC+3}
rNeg     + + .     Spirit   .   y - +4 fire dragon scales
rPois    +         Reflect  +   w - -2 hat of the Alchemist {rElec rPois rF+ rC+ rN+ Will+ rMut rCorr}
rElec    +         Harm     .   D - scarf {shadows}
rCorr    +         Rampage  .   P - +1 pair of gloves of Indomitability {Str+3 SInv}
rMut     +         Rnd*Rage +   r - +2 pair of boots {Fly}
Will     ++++.                  h - amulet of reflection
Stlth    +.........             q - ring "Anioficu" {Will++ EV+4}
HPRegen  0.40/turn              Z - +4 ring of protection
MPRegen  0.26/turn

@: unable to hop, flying, slow
A: amphibious, slowness 1, strong legs 2, +LOS
}: 2/15 runes: decaying, serpentine
a: Hop, Renounce Religion, Heroism, Finesse


You were on level 3 of the Vaults.
You worshipped Okawaru.
Okawaru was exalted by your worship.
You visited 8 branches of the dungeon, and saw 38 of its levels.
You also visited: Sewer, Gauntlet and Ice Cave.

You collected 5543 gold pieces.
You spent 4927 gold pieces at shops.

Inventory:

Hand Weapons
 a - the +10 zealot's sword (weapon) {holy, *Rage rN+ EV+3}
   (You acquired it on level 4 of the Dungeon)

   It has been blessed by the Shining One to cause great damage to the undead
   and demons.
   It affects your evasion (+3).
   It protects you from negative energy.
   It may make you go berserk in combat.
 b - a +6 demon blade of flaming
 x - the +5 scythe "Finisher" {speed, eviscerate}
   (You took it off a deep elf pyromancer on level 3 of the Elven Halls)

   Attacks with this weapon are significantly faster.
Missiles
 e - 22 curare-tipped darts {!f}
 l - 24 silver boomerangs
 m - 39 boomerangs (quivered)
 p - a throwing net
Armour
 i - a +0 buckler of protection (worn)
 r - a +2 pair of boots of flying (worn)
 w - the -2 hat of the Alchemist (worn) {rElec rPois rF+ rC+ rN+ Will+ rMut rCorr}
   (You acquired it on level 2 of the Swamp)

   It protects you from fire.
   It protects you from cold.
   It insulates you from electricity.
   It protects you from poison.
   It protects you from negative energy.
   It protects you from acid and corrosion.
   It protects you from mutation.
   It increases your willpower.
 y - +4 fire dragon scales (worn)
 D - a scarf of shadows (worn)
 P - the +1 pair of gloves of Indomitability (worn) {Str+3 SInv}
   (You bought it in a shop on level 2 of the Orcish Mines)

   It affects your strength (+3).
   It lets you see invisible.
Jewellery
 h - an amulet of reflection (around neck)
 q - the ring "Anioficu" (left hand) {Will++ EV+4}
   (You found it on level 5 of the Dungeon)

   [ring of evasion]

   It affects your evasion (+4).
   It greatly increases your willpower.
 T - a ring of protection from cold
 Y - an amulet of regeneration
 Z - a +4 ring of protection (right hand)
Wands
 c - a wand of flame (96)
 B - a wand of charming (41)
 F - a wand of iceblast (59)
 I - a wand of paralysis (17)
 O - a wand of digging (2)
 S - a wand of acid (17)
 U - a wand of polymorph (28)
 W - a wand of mindburst (5)
Scrolls
 d - 6 scrolls of fear
 s - a scroll of holy word
 G - 19 scrolls of teleportation
 H - 8 scrolls of blinking
 J - 3 scrolls of magic mapping
 K - 7 scrolls of fog
 M - 4 scrolls of silence
 N - 10 scrolls of immolation
 Q - 2 scrolls of summoning
Potions
 g - 9 potions of mutation
 j - 12 potions of curing
 n - 2 potions of might
 o - 7 potions of haste
 u - 2 potions of ambrosia
 v - 4 potions of brilliance
 z - 3 potions of invisibility
 A - 7 potions of attraction
 C - a potion of heal wounds
 E - 2 potions of cancellation
 R - 3 potions of magic
Miscellaneous
 f - a box of beasts
 k - a phantom mirror
 t - a tin of tremorstones (2/2)
 L - a condenser vane
 V - a lightning rod (4/4)


   Skills:
 - Level 18.0 Fighting
 - Level 14.0 Long Blades
 - Level 8.0 Armour
 - Level 12.0 Dodging
 - Level 4.0 Stealth
 - Level 4.0 Shields
 - Level 12.0 Spellcasting
 - Level 21.0 Summonings
 - Level 6.0 Ice Magic
 - Level 6.0 Air Magic
 + Level 15.7 Invocations
 + Level 11.7 Evocations


You had 28 spell levels left.
You knew the following spells:

 Your Spells              Type           Power      Damage    Failure   Level
a - Summon Small Mammal   Summ           100%       N/A       0%          1
b - Call Imp              Summ           64%        N/A       0%          2
c - Call Canine Familiar  Summ           64%        N/A       0%          3
d - Summon Guardian Gole  Hex/Summ       40%        N/A       1%          3
e - Summon Ice Beast      Ice/Summ       49%        N/A       1%          4
f - Summon Lightning Spi  Summ/Air       49%        N/A       1%          4

Your spell library contained the following spells:

 Spells                   Type           Power      Damage    Failure   Level
 Frozen Ramparts          Ice            54%        1d7       5%          3
 Corpse Rot               Necr/Air       N/A        N/A       10%         2
 Poisonous Vapours        Pois/Air       36%        N/A       10%         2
 Beastly Appendage        Tmut           18%        N/A       22%         1
 Foxfire                  Conj/Fire      36%        2x1d5     22%         1
 Magic Dart               Conj           36%        1d4       22%         1
 Sandblast                Erth           18%        2d7       22%         1
 Mephitic Cloud           Conj/Pois/Air  15%        N/A       28%         3
 Blink                    Tloc           N/A        N/A       32%         2
 Passwall                 Tmut/Erth      7%         N/A       32%         2
 Searing Ray              Conj           18%        3d3       32%         2
 Slow                     Hex            9%         N/A       32%         2
 Sublimation of Blood     Necr           4%         N/A       32%         2
 Wereblood                Tmut           9%         N/A       32%         2
 Ice Form                 Ice/Tmut       18%        N/A       52%         4
 Conjure Flame            Conj/Fire      9%         6-21      54%         3
 Dazzling Flash           Conj/Hex       18%        N/A       54%         3
 Ignite Poison            Fire/Tmut/Pois 9%         N/A       54%         3
 Inner Flame              Hex/Fire       9%         N/A       54%         3
 Portal Projectile        Hex/Tloc       18%        N/A       54%         3
 Spider Form              Tmut/Pois      4%         N/A       54%         3
 Stone Arrow              Conj/Erth      18%        3d8       54%         3
 Teleport Other           Tloc           9%         N/A       54%         3
 Silence                  Hex/Air        9%         N/A       86%         5
 Dispel Undead            Necr           9%         3d8       91%         4
 Fulminant Prism          Conj/Hex       4%         3d6       91%         4
 Iskenderun's Mystic Bla  Conj/Tloc      9%         2d4       91%         4
 Passage of Golubria      Tloc           N/A        N/A       91%         4
 Petrify                  Tmut/Erth      9%         N/A       91%         4
 Sticky Flame             Conj/Fire      9%         2d3       91%         4
 Spellforged Servitor     Conj/Summ      20%        N/A       94%         7
 Agony                    Necr           9%         N/A       99%         5
 Alistair's Intoxication  Tmut/Pois      6%         N/A       99%         5
 Bolt of Magma            Conj/Fire/Erth 4%         4d5       99%         5
 Excruciating Wounds      Necr           4%         N/A       99%         5
 Fireball                 Conj/Fire      4%         3d4       99%         5
 Hydra Form               Tmut           4%         N/A       99%         5
 Irradiate                Conj/Tmut      4%         3d15      99%         5
 Iskenderun's Battlesphe  Conj           9%         2d6       99%         5
 Lee's Rapid Deconstruct  Erth           4%         3d6*      99%         5
 Freezing Cloud           Conj/Ice/Air   10%        6-21      99%         6
 Conjure Ball Lightning   Conj/Air       9%         3x3d6     100%        6
 Eringya's Noxious Bog    Tmut/Pois      4%         N/A       100%        6
 Iron Shot                Conj/Erth      4%         9d2       100%        6
 Simulacrum               Ice/Necr       9%         N/A       100%        6
 Starburst                Conj/Fire      4%         8x6d4     100%        6
 Orb of Destruction       Conj           4%         9d2       100%        7
 Ignition                 Fire           4%         3d4       100%        8
 Tornado                  Air            13%        N/A       100%        9


Dungeon Overview and Level Annotations

Branches:
Dungeon (15/15)            Temple (1/1) D:4            Lair (6/6) D:10
  Swamp (4/4) Lair:2        Snake (4/4) Lair:2        Slime (0/5) Lair:6
    Orc (2/2) D:11            Elf (3/3) Orc:2        Vaults (3/5) D:14
  Crypt (0/3) Vaults:3     Depths (0/5) D:15          Sewer (visited)
  IceCv (visited)         Gauntlet (visited)

Altars:
Ashenzari
Cheibriados
Dithmenos
Elyvilon
Fedhas
Gozag
Hepliaklqana
Kikubaaqudgha
Makhleb
Nemelex Xobeh
Okawaru
Qazlal
Ru
Sif Muna
Trog
Uskayaw
Vehumet
Wu Jian
Xom
Yredelemnul
Zin
The Shining One
Beogh
Lugonu

Shops:
D:5 *   D:6 ((!([   D:7 (   D:8 [   D:14 (   D:15 (   Orc:2 *[[[   Elf:1 [
Elf:2 *(*(   Elf:3 !   Snake:4 *[(![   Vaults:1 *

Portals:
Abyss: D:3

Annotations:
Swamp:1 2 transporters, exclusion: orange crystal statue
Snake:4 1 runed translucent door, senseless's ghost, adept GrFi
Elf:2 5 runed translucent doors


Innate Abilities, Weirdness & Mutations

You are amphibious.
You cover ground slowly.
You can hop long distances.
You have an extended range of vision and can be seen from far away.


Message History

You chop the peacekeeper into pieces!!!
You destroy the peacekeeper!
Okawaru accepts your kill. Something hits your guardian golem!
Your guardian golem is destroyed!
The white ugly thing bites you.
* * * LOW HITPOINT WARNING * * *
The white ugly thing freezes you!!
* * * LOW HITPOINT WARNING * * *
You hit the white ugly thing.
The white ugly thing is severely wounded.
Your lightning spire shoots out a bolt of lightning at the white ugly thing!
The bolt of electricity hits the white ugly thing!
The white ugly thing dies!
Okawaru accepts your kill.
Unknown command.
Okay, then.
The white ugly thing basks in the mutagenic energy from its kin and changes! x2
Your lightning spire shoots out a bolt of lightning at the purple ugly thing!
The bolt of electricity hits the purple ugly thing! x2
Your lightning spire shoots out a bolt of lightning at the purple ugly thing!
The bolt of electricity hits the purple ugly thing! x2
The purple ugly thing stings your lightning spire but does no damage.
Your lightning spire shoots out a bolt of lightning at the purple ugly thing!
The bolt of electricity hits the purple ugly thing!
The purple ugly thing stings your lightning spire!
Your lightning spire shoots out a bolt of lightning at the purple ugly thing!
The bolt of electricity misses the purple ugly thing.
The bolt of electricity hits the crystal guardian.
The crystal guardian completely resists.
The purple ugly thing stings your lightning spire but does no damage.
Your lightning spire shoots out a bolt of lightning at the purple ugly thing!
The bolt of electricity hits the purple ugly thing!
Casting: Summon Lightning Spire (mildly dangerous; 1% risk of failure)
Confirm with . or Enter, or press ? or * to list all spells.
A guardian golem appears, shielding your allies.
The purple ugly thing stings your lightning spire!
The crystal guardian fires a crystalline bolt at you.
The crystal bolt freezes you!!
You die...

.......'.....#..........
.......#.....#..........
.......#....8'.(8...>...
.......#....u#..u.......
########...8.#..........
#################.u...#..........
......................#..........
......................########'##
................@.8...# #....#
...........(..........# #....'
.....^................# #....#
#######'############### #...##
#....###....# ##+##.
#....#......# +. ####.#.#....# +u
##....#....# #. #..######### ##


You could see 2 ugly things, a crystal guardian (strong), a friendly guardian
golem (summoned) and a friendly lightning spire (summoned, sheltered).

Vanquished Creatures
  Bai Suzhen (Vaults:2)
  2 deep elf blademasters (Elf:3)
  Kirke (Lair:6)
  2 sphinxes
  2 nagarajas
  2 deep elf sorcerers (Elf:3)
  An orc warlord (Vaults:2)
  A curse skull (Vaults:3)
  Aizul (Vaults:2)
  Louise (Snake:2)
  A deep elf elementalist (Elf:2)
  6 vault wardens
  3 war gargoyles (Vaults:3)
  The ghost of PeterLawrence the Bludgeoner, a journeyman MiFi of Okawaru (Lair:5)
  8 ironbound preservers
  3 deep elf demonologists
  2 stone giants
  4 dire elephants (Vaults:2)
  2 minotaurs
  3 deep elf annihilators (Elf:3)
  Azrael (Snake:1)
  3 bunyips
  5 eleionomae
  2 deep elf death magi (Elf:3)
  A crystal guardian (Vaults:3)
  2 shambling mangroves (Swamp:4)
  3 deep elf high priests
  The ghost of Cralpanu the Cleaver, a journeyman HOFi of Beogh (Orc:2)
  2 great orbs of eyes
  8 vault guards
  An ice dragon (D:11)
  A peacekeeper (Vaults:3)
  An ogre mage (Orc:2)
  5 yaktaur captains
  6 ironbound thunderhulks
  10 naga warriors
  25 hydras
  A catoblepas (Lair:6)
  A salamander tyrant (Snake:4)
  4 ghost crabs
  8 anacondas
  4 boulder beetles
  5 tengu warriors
  4 two-headed ogres
  5 ironbound frosthearts
  20 dancing weapons
  5 centaur warriors
  5 alligators
  A spriggan berserker (Swamp:4)
  3 ironbound beastmasters (Vaults:2)
  9 deep elf knights
  An orc high priest (Orc:2)
  3 shock serpents
  9 naga sharpshooters
  A fire crab (D:15)
  3 salamander mystics
  18 slime creatures
  20 deep trolls
  A golden dragon zombie (Vaults:3)
  7 goliath frogs
  3 skeletal warriors (D:14)
  5 sea snakes
  A glowing orange brain (Vaults:1)
  2 death drakes (Swamp:1)
  A bog body (Swamp:4)
  4 wizards
  12 swamp dragons
  7 spriggan druids
  13 deep elf archers
  3 necromancers
  A phantasmal warrior (Vaults:3)
  7 lindwurms
  11 ironbound convokers
  3 naga ritualists
  Pikel (D:7)
  11 deep elf zephyrmancers
  6 orc knights
  12 ugly things
  19 deep elf pyromancers
  A harpy (Lair:6)
  10 mana vipers
  2 will-o-the-wisps
  10 salamanders
  2 orc sorcerers
  3 cyclopes
  A human zombie (Vaults:3)
  6 elephants
  Maurice (D:12)
  6 manticores
  3 ice statues
  4 vault sentinels
  A human skeleton (Vaults:3)
  3 guardian serpents (Snake:4)
  Joseph (D:9)
  17 naga magi
  33 black mambas
  12 cane toads
  A gargoyle (D:13)
  2 unseen horrors (D:13)
  An eye of devastation (Gauntlet)
  7 rime drakes
  9 komodo dragons
  25 yaktaurs
  6 ice devils (IceCv)
  4 tengu conjurers (Gauntlet)
  2 bloated husks
  4 polar bears
  5 trolls
  2 wind drakes (Lair:6)
  9 hornets
  12 tyrant leeches
  A blink frog (shapeshifter) (Elf:1)
  5 blink frogs (Lair:4)
  8 dream sheep
  2 shadows
  A dream sheep (shapeshifter) (D:14)
  3 small abominations (Gauntlet)
  9 spriggans
  2 centaur simulacra
  3 water elementals
  2 wraiths
  7 wyverns
  7 fire elementals
  7 basilisks
  49 yaks
  2 large abominations (Gauntlet)
  A steam dragon (D:8)
  A golden eye (Gauntlet)
  Menkaure (D:7)
  4 vampire mosquitoes
  5 wargs
  9 swamp worms
  27 nagas
  2 hell hounds (Snake:1)
  5 acid dragons
  24 water moccasins
  36 orc warriors
  3 sky beasts
  5 swamp drakes
  2 black bears
  4 ice beasts
  12 ogres
  25 centaurs
  A necrophage (D:5)
  18 wolves
  2 phantoms (D:5)
  6 kobold brigands
  8 bullfrogs
  3 gnoll sergeants
  3 scorpions
  2 earth elementals (Elf:2)
  10 killer bees
  5 wights
  2 electric eels (Snake:1)
  5 howler monkeys
  4 centaur zombies
  3 gnoll shamans
  3 draconian simulacra (IceCv)
  4 orc priests
  10 hounds
  2 bullfrog skeletons
  2 centaur skeletons
  3 iguanas
  Terence (D:2)
  3 spriggan simulacra (IceCv)
  2 merfolk sirens (Sewer)
  19 orc wizards
  2 troll simulacra (IceCv)
  2 merfolk avatars
  A hound skeleton (D:5)
  4 howler monkey zombies
  30 gnolls
  A naga simulacrum (IceCv)
  6 adders
  An ogre simulacrum (IceCv)
  4 river rats (Sewer)
  3 shadow imps (Gauntlet)
  4 white imps
  2 ufetubi
  4 worms
  43 orcs
  5 ball pythons
  6 endoplasms
  7 giant cockroaches
  8 goblins
  11 hobgoblins
  5 jackals
  2 quokkas
  2 bats (D:1)
  8 frilled lizards
  11 kobolds
  26 rats
  A lurking horror (D:3)
1183 creatures vanquished.

Vanquished Creatures (collateral kills)
  Nikola (Snake:2)
  A deep elf master archer (Elf:3)
  3 nagarajas (Snake:4)
  An orc warlord (Vaults:1)
  2 deep elf sorcerers (Elf:3)
  A vault warden (Vaults:2)
  A deep elf elementalist (Elf:3)
  An ironbound preserver (Vaults:2)
  2 deep elf demonologists (Elf:3)
  A dire elephant (Vaults:2)
  2 deep elf annihilators (Elf:3)
  A bunyip (Swamp:2)
  2 eleionomae (Swamp:2)
  A deep elf high priest (Elf:3)
  A salamander tyrant (Snake:4)
  4 naga warriors
  2 ironbound thunderhulks
  A hydra (D:14)
  3 vault guards
  A boulder beetle (D:15)
  An anaconda (Snake:1)
  3 centaur warriors (Vaults:2)
  A two-headed ogre (D:11)
  7 naga sharpshooters (Snake:4)
  4 ironbound beastmasters
  2 skeletal warriors (D:14)
  2 salamander mystics (Snake:4)
  A bog body (Swamp:2)
  2 spriggan druids (Swamp:4)
  A deep troll (Vaults:2)
  2 orc knights (Vaults:1)
  A swamp dragon (Swamp:4)
  3 naga ritualists (Snake:4)
  An ironbound convoker (Vaults:3)
  A wizard (Vaults:3)
  A deep elf archer (Elf:2)
  A mana viper (Snake:4)
  3 deep elf pyromancers
  2 deep elf zephyrmancers (Elf:2)
  7 ugly things
  A manticore (D:9)
  3 salamanders (Snake:4)
  2 vault sentinels
  3 black mambas
  6 naga magi (Snake:4)
  A yaktaur (D:15)
  4 hornets
  3 yaks
  4 spriggans
  11 nagas
  2 swamp worms
  A nameless horror (Gauntlet)
  2 orc warriors
  A black bear (D:5)
  An ice beast (D:6)
  An ogre (D:4)
  A swamp drake (Swamp:4)
  A gnoll sergeant (D:5)
  A killer bee (D:9)
  An electric eel (Snake:1)
  A centaur zombie (D:7)
  A hound (D:5)
  A bullfrog skeleton (D:5)
  An orc priest (D:3)
  A gnoll shaman (D:4)
  Natasha (thrice) (D:1)
  3 adders
  10 gnolls
  An adder skeleton (D:4)
  A worm (D:3)
  A dart slug (D:2)
  7 orcs
  An endoplasm (D:4)
  3 hobgoblins
  5 jackals
  A kobold (D:2)
  A ball python (D:3)
  4 goblins
  A rat (D:3)
175 creatures vanquished.

Vanquished Creatures (others)
  2 nagarajas (Snake:4)
  A deep elf sorcerer (Elf:3)
  An orc warlord (Vaults:1)
  A deep elf elementalist (Elf:3)
  2 deep elf demonologists (Elf:3)
  2 deep elf annihilators (Elf:3)
  A dire elephant (Vaults:2)
  2 deep elf death magi (Elf:3)
  A deep elf high priest (Elf:3)
  A death knight (Vaults:3)
  An alligator (Swamp:3)
  A spriggan (Swamp:1)
  An ironbound beastmaster (Vaults:2)
  2 naga sharpshooters (Snake:4)
  A deep elf knight (Elf:1)
  2 goliath frogs
  A naga ritualist (Snake:4)
  A deep elf pyromancer (Elf:3)
  An orc knight (Vaults:1)
  A lindwurm (Vaults:3)
  A deep elf archer (Elf:2)
  A deep elf zephyrmancer (Elf:3)
  A vault sentinel (Vaults:3)
  5 naga magi
  A bloated husk (Swamp:3)
  3 hornets
  2 slime creatures
  A blink frog (shapeshifter) (Elf:2)
  4 humans (Lair:6)
  A fire elemental (Snake:1)
  5 nagas (Snake:4)
  A swamp worm (Swamp:1)
  A swamp drake (Swamp:4)
  9 foxfires
  46 fungi
  A lurking horror (D:3)
  86 plants
195 creatures vanquished.

Grand Total: 1553 creatures vanquished

Notes
Turn   | Place    | Note
-------+----------+-------------------------------------------
     0 | D:1      | tilp the Barachi Summoner began the quest for the Orb.
     0 | D:1      | Reached XP level 1. HP: 13/13 MP: 3/3
   727 | D:1      | Reached XP level 2. HP: 20/20 MP: 0/5
   808 | D:1      | Learned a level 2 spell: Call Imp
  1000 | D:1      | Found a faded altar of an unknown god.
  1318 | D:2      | Noticed Natasha
  1318 | D:2      | Noticed Terence
  1327 | D:1      | Killed Natasha
  1328 | D:1      | Reached skill level 1 in Fighting
  1328 | D:1      | Reached XP level 3. HP: 15/26 MP: 4/6
  1677 | D:1      | Noticed Natasha
  1688 | D:1      | Killed Natasha
  1711 | D:1      | Noticed Natasha
  1722 | D:1      | Killed Natasha
  1723 | D:1      | Reached XP level 4. HP: 9/33 MP: 1/7
  3331 | D:3      | Learned a level 3 spell: Call Canine Familiar
  3454 | D:3      | Found a one-way gate to the infinite horrors of the Abyss.
  3457 | D:3      | Found a corrupted altar of Lugonu.
  4511 | D:3      | Reached XP level 5. HP: 39/39 MP: 8/8
  4898 | D:4      | Found a staircase to the Ecumenical Temple.
  4899 | D:4      | Noticed a hornet
  4910 | D:4      | Killed a hornet
  4911 | D:4      | Reached XP level 6. HP: 48/48 MP: 1/9
  4926 | Temple   | Entered the Ecumenical Temple
  5031 | Temple   | Became a worshipper of Warmaster Okawaru
  5115 | D:4      | Reached skill level 5 in Summonings
  6215 | D:4      | Noticed a necrophage
  6486 | D:4      | Reached XP level 7. HP: 42/54 MP: 5/12
  7173 | D:4      | Reached skill level 6 in Summonings
  7316 | D:4      | Identified a scroll of acquirement
  7316 | D:4      | Acquired the +10 zealot's sword {holy, *Rage rN+ EV+3}
  7317 | D:4      | Found the +10 zealot's sword {holy, *Rage rN+ EV+3}
  7504 | D:5      | Entered Level 5 of the Dungeon
  7608 | D:5      | Reached skill level 1 in Long Blades
  7730 | D:5      | Reached * piety under Okawaru
  7798 | D:5      | Reached skill level 1 in Invocations
  8128 | D:5      | Found Rant's Assorted Antiques.
  8191 | D:5      | Identified the ring "Anioficu" {Will++ EV+4}
  8235 | D:5      | Reached XP level 8. HP: 60/60 MP: 9/14
  8241 | D:5      | Reached skill level 5 in Long Blades
  8357 | D:5      | Reached ** piety under Okawaru
  8883 | D:5      | Found a blossoming altar of Fedhas.
  8975 | D:5      | Reached XP level 9. HP: 65/65 MP: 9/15
  9134 | D:5      | Found a glowing silver altar of Zin.
  9318 | D:6      | Identified Ylaxunk's Tome of Contamination and Dislocation
  9321 | D:6      | Reached *** piety under Okawaru
  9502 | D:6      | Found Nibbat's Distillery.
  9510 | D:6      | Found Puutoaph's Weapon Boutique.
  9621 | D:6      | Found a broken altar of Ashenzari.
  9708 | D:6      | Found Luerchita's Antique Armour Shop.
  9725 | D:6      | Identified the +1 ring mail of Distant Shores {Int+4}
  9734 | D:6      | Reached skill level 10 in Long Blades
  9759 | D:6      | Found Jekhlum's Weapon Emporium.
  9772 | D:6      | Found a glowing drain.
  9783 | Sewer    | Entered a sewer
 10587 | D:6      | Found Minukh's Weapon Emporium.
 10723 | D:6      | Bought a warped leather armour for 182 gold pieces
 10723 | D:6      | Identified the +0 leather armour of Haoqea {Rampage Drain
                  | rElec} (You bought it in a shop on level 6 of the Dungeon)
 10873 | D:6      | Bought a potion of heal wounds for 55 gold pieces
 10873 | D:6      | Bought a potion of lignification for 33 gold pieces
 10972 | D:2      | Killed Terence
 11173 | D:7      | Reached **** piety under Okawaru
 11256 | D:7      | Noticed Pikel
 11264 | D:7      | Killed Pikel
 11265 | D:7      | Reached skill level 5 in Fighting
 11265 | D:7      | Reached XP level 10. HP: 63/76 MP: 7/16
 11278 | D:7      | Reached skill level 1 in Evocations
 11460 | D:7      | Found Wafaik's Antique Weapon Shoppe.
 11590 | D:7      | Noticed Menkaure
 11604 | D:7      | Killed Menkaure
 11605 | D:7      | Reached skill level 1 in Shields
 11750 | D:7      | Found a sparkling altar of Nemelex Xobeh.
 12052 | D:8      | Noticed a cyclops
 12080 | D:8      | Killed a cyclops
 12208 | D:8      | Found Yfaet's Armour Shoppe.
 12229 | D:8      | Reached skill level 5 in Invocations
 12232 | D:8      | Reached ***** piety under Okawaru
 12243 | D:8      | Received a gift from Okawaru
 12740 | D:8      | Reached XP level 11. HP: 67/81 MP: 18/18
 12931 | D:8      | Reached skill level 5 in Spellcasting
 12931 | D:8      | Reached skill level 7 in Summonings
 13188 | D:9      | Found a shimmering altar of Xom.
 13272 | D:9      | Noticed a two-headed ogre
 13285 | D:9      | Killed a two-headed ogre
 13322 | D:9      | Reached skill level 8 in Summonings
 13470 | D:9      | Noticed Joseph
 13480 | D:9      | Killed Joseph
 13480 | D:9      | Received a gift from Okawaru
 13498 | D:9      | Reached skill level 9 in Summonings
 13678 | D:9      | Noticed a two-headed ogre
 13689 | D:9      | Killed a two-headed ogre
 13690 | D:9      | Reached skill level 10 in Summonings
 13690 | D:9      | Reached skill level 1 in Armour
 13849 | D:9      | Found a transporter.
 13851 | D:9      | Noticed a manticore
 13856 | D:9      | Noticed an eight-headed hydra
 13870 | D:9      | Found a transporter.
 14229 | D:9      | Noticed a two-headed ogre
 14240 | D:9      | Killed a two-headed ogre
 14477 | D:6      | Bought a +0 demon blade for 225 gold pieces
 14565 | D:10     | Entered Level 10 of the Dungeon
 14568 | D:10     | Found a staircase to the Lair.
 14572 | D:10     | Noticed a centaur warrior
 14579 | D:10     | Killed a centaur warrior
 14580 | D:10     | Reached skill level 5 in Dodging
 14955 | D:10     | Reached XP level 12. HP: 91/91 MP: 18/21
 15336 | D:10     | Found a glowing golden altar of the Shining One.
 15336 | D:10     | Found an ancient bone altar of Kikubaaqudgha.
 15917 | D:11     | Found a frozen archway.
 15918 | D:11     | Noticed an ice dragon
 15961 | D:11     | Killed an ice dragon
 15961 | D:11     | Received a gift from Okawaru
 16132 | IceCv    | Entered an ice cave
 16769 | D:11     | Noticed a four-headed hydra
 16771 | D:11     | Identified the +5 scythe of Baykh {freeze, rC+}
 16782 | D:11     | Killed a one-headed hydra
 16806 | D:11     | Noticed a centaur warrior
 16832 | D:11     | Killed a centaur warrior
 18052 | D:11     | Found a staircase to the Orcish Mines.
 18132 | D:11     | Noticed a two-headed ogre
 18141 | D:11     | Killed a two-headed ogre
 18141 | D:11     | Identified the +7 shortbow of Terra Cotta {freeze, *Corrode
                  | rC+ rN+ SInv} (Okawaru gifted it to you on level 11 of the
                  | Dungeon)
 18141 | D:11     | Received a gift from Okawaru
 18142 | D:11     | Reached skill level 10 in Fighting
 18142 | D:11     | Gained mutation: You can hop long distances. [Barachi
                  | growth]
 18142 | D:11     | Reached XP level 13. HP: 103/103 MP: 18/22
 18584 | D:8      | Bought a +2 pair of gloves of dexterity for 236 gold pieces
 18652 | Lair:1   | Entered Level 1 of the Lair of Beasts
 19659 | Lair:2   | Reached skill level 11 in Summonings
 19686 | Lair:2   | Learned a level 3 spell: Summon Guardian Golem
 19691 | Lair:2   | Learned a level 4 spell: Summon Ice Beast
 19743 | Lair:2   | Reached ****** piety under Okawaru
 19974 | Lair:2   | Found a staircase to the Snake Pit.
 19977 | Lair:2   | You fall into a shaft and drop 2 floors!
 19986 | Lair:4   | Received a gift from Okawaru
 20059 | Lair:4   | Reached skill level 12 in Summonings
 20249 | Lair:2   | Identified the +5 spear of Generosity {flame, rC+}
 20674 | Lair:2   | Found a staircase to the Swamp.
 20926 | Lair:3   | Reached skill level 5 in Armour
 21994 | Lair:3   | Identified the +5 great sword "Sobail" {flame, rElec}
                  | (Okawaru gifted it to you on level 3 of the Lair of Beasts)
 21994 | Lair:3   | Received a gift from Okawaru
 22492 | Lair:4   | Reached XP level 14. HP: 70/115 MP: 26/26
 23527 | Lair:5   | Identified the +1 ring mail of the Land of Plenty {rC+ MP-9
                  | Str+4}
 23686 | Lair:5   | Noticed PeterLawrence's ghost (journeyman MiFi)
 23688 | Lair:5   | Found a transporter.
 23811 | Lair:5   | Identified the +3 dagger of the Ship {vamp, rCorr Str+4
                  | SInv} (Okawaru gifted it to you on level 5 of the Lair of
                  | Beasts)
 23811 | Lair:5   | Received a gift from Okawaru
 24118 | Lair:5   | Found a transporter.
 24298 | Lair:6   | Entered Level 6 of the Lair of Beasts
 24378 | Lair:6   | Reached skill level 10 in Dodging
 24421 | Lair:6   | HP: 2/115 [cane toad (8)]
 24539 | Lair:6   | Upgraded the game from 0.27-a0-1158-gaa87e14f67 to
                  | 0.27-a0-1177-g245c70e1c0
 24699 | Lair:6   | Received a gift from Okawaru
 24809 | Lair:6   | Noticed Kirke
 24832 | Lair:6   | Killed Kirke
 24928 | Lair:6   | Identified the +7 scimitar "Nufowiuh" {pain, rC+}
 24960 | Lair:6   | Reached skill level 13 in Summonings
 25213 | Lair:6   | Found a staircase to the Slime Pits.
 25443 | Lair:6   | Learned a level 4 spell: Summon Lightning Spire
 25581 | Lair:3   | Identified the +3 ring mail of the Lizard {Harm rPois Int-4
                  | Dex+7}
 25719 | Orc:1    | Entered Level 1 of the Orcish Mines
 25822 | Orc:2    | Entered Level 2 of the Orcish Mines
 25830 | Orc:2    | Reached skill level 1 in Ice Magic
 25830 | Orc:2    | Reached skill level 1 in Air Magic
 25838 | Orc:2    | Found a gate leading to a gauntlet.
 25866 | Orc:2    | Noticed Cralpanu's ghost (journeyman HOFi)
 25969 | Gauntlet | Entered a Gauntlet
 25969 | Gauntlet | Found a transporter.
 26170 | Gauntlet | Found a transporter.
 26172 | Gauntlet | Found a transporter.
 26173 | Gauntlet | Found a transporter.
 26181 | Gauntlet | Found a transporter.
 26185 | Gauntlet | Found a transporter.
 26187 | Gauntlet | Found a transporter.
 26194 | Gauntlet | Found a transporter.
 26196 | Gauntlet | Found a transporter.
 26198 | Gauntlet | Found a transporter.
 26201 | Gauntlet | Found a runed translucent door.
 26203 | Gauntlet | Found a runed translucent door.
 26205 | Gauntlet | Found a transporter.
 26208 | Gauntlet | Found a transporter.
 26209 | Gauntlet | Found a transporter.
 26217 | Gauntlet | Found a transporter.
 26426 | Gauntlet | Reached XP level 15. HP: 124/124 MP: 23/27
 26685 | Gauntlet | Identified the amulet "Xifit" {Faith rElec Str-3 SInv}
 27043 | Orc:2    | Found a runed translucent gate.
 27043 | Orc:2    | Found a runed translucent gate.
 27043 | Orc:2    | Found a runed translucent gate.
 27049 | Orc:2    | Received a gift from Okawaru
 27416 | Orc:2    | Found Xymeckim's Antique Armour Emporium.
 27416 | Orc:2    | Found Yrchang's Armour Boutique.
 27416 | Orc:2    | Found Gaimoss's General Store.
 27419 | Orc:2    | Found Ifoelet's Armour Shoppe.
 27426 | Orc:2    | Bought a scroll of enchant armour for 97 gold pieces
 27525 | Orc:2    | Found a staircase to the Elven Halls.
 28599 | Orc:2    | Bought a fine scale mail for 270 gold pieces
 28599 | Orc:2    | Identified the +5 scale mail of Ifim {-Tele Int+6} (You
                  | bought it in a shop on level 2 of the Orcish Mines)
 28599 | Orc:2    | Bought a pair of steaming gloves for 285 gold pieces
 28599 | Orc:2    | Identified the +1 pair of gloves of Indomitability {Str+3
                  | SInv} (You bought it in a shop on level 2 of the Orcish
                  | Mines)
 28625 | Orc:2    | Bought the +2 ratskin cloak {*Rats rPois rN+ Str-1 Int-1
                  | Dex+1} for 417 gold pieces
 28625 | Orc:2    | Found the +2 ratskin cloak {*Rats rPois rN+ Str-1 Int-1
                  | Dex+1}
 28801 | D:9      | Reached skill level 14 in Summonings
 29345 | D:12     | Noticed Maurice
 29359 | D:12     | Killed Maurice
 30025 | D:13     | Acquired 1100 gold pieces
 30545 | D:14     | Found Tuarax's Weapon Emporium.
 30884 | D:14     | Received a gift from Okawaru
 30885 | D:14     | Found the +0 mask of the Dragon {Will+ Slay+3 SInv}
 30888 | D:14     | Reached skill level 15 in Fighting
 30888 | D:14     | Reached skill level 15 in Summonings
 31048 | D:14     | Found a gate to the Vaults.
 31074 | D:14     | Found a shimmering altar of Xom.
 32208 | D:15     | Entered Level 15 of the Dungeon
 32267 | D:15     | Found Egoekh's Weapon Emporium.
 32377 | D:15     | Reached XP level 16. HP: 136/136 MP: 28/28
 32796 | D:15     | Found a staircase to the Depths.
 32952 | D:15     | Received a gift from Okawaru
 33023 | D:15     | Reached skill level 10 in Invocations
 33927 | Lair:5   | Killed PeterLawrence's ghost
 33928 | Lair:5   | Reached skill level 5 in Evocations
 34258 | Elf:1    | Entered Level 1 of the Elven Halls
 34365 | Elf:1    | Found a radiant altar of Vehumet.
 35324 | Orc:2    | Killed Cralpanu's ghost
 35562 | Elf:1    | Identified the +1 great sword "Lifebane" {elec, rElec rC+
                  | Str+3 Int+2} (Okawaru gifted it to you on level 1 of the
                  | Elven Halls)
 35562 | Elf:1    | Received a gift from Okawaru
 36081 | Snake:1  | Entered Level 1 of the Snake Pit
 36369 | Snake:1  | Noticed Azrael
 36382 | Snake:1  | Killed Azrael
 36789 | Snake:1  | Noticed a nagaraja
 36794 | Snake:1  | Received a gift from Okawaru
 36808 | Snake:1  | Killed a nagaraja
 36809 | Snake:1  | Reached XP level 17. HP: 142/142 MP: 29/29
 37472 | Snake:1  | Reached skill level 16 in Summonings
 38349 | Snake:2  | Noticed Nikola
 39082 | Snake:2  | Killed Nikola
 39082 | Snake:2  | Received a gift from Okawaru
 39401 | Snake:2  | Noticed Louise
 39430 | Snake:2  | Reached skill level 17 in Summonings
 39451 | Snake:2  | Killed Louise
 41336 | Snake:3  | Reached skill level 18 in Summonings
 41545 | Snake:3  | Identified the ring of Prescription {Will- Str+3 Int+6
                  | Dex+4}
 42451 | Snake:4  | Entered Level 4 of the Snake Pit
 43378 | Snake:3  | Received a gift from Okawaru
 43711 | Snake:4  | Found a runed translucent door.
 43712 | Snake:4  | Found a shimmering altar of Xom.
 43712 | Snake:4  | Noticed senseless's ghost (adept GrFi)
 44001 | Snake:4  | Found Katzol's Distillery.
 44006 | Snake:4  | Bought a potion of experience for 1000 gold pieces
 44006 | Snake:4  | Reached XP level 18. HP: 151/151 MP: 29/31
 44150 | Snake:4  | Found Sahiush's General Store.
 44200 | Snake:4  | Found Xeneasi's Weapon Emporium.
 44501 | Snake:4  | Found Zidil's Antique Armour Shoppe.
 44526 | Snake:4  | Reached XP level 19. HP: 110/157 MP: 2/32
 44727 | Snake:4  | Found Ozots's Antique Armour Boutique.
 45141 | Snake:4  | Bought a smoking chain mail for 237 gold pieces
 45141 | Snake:4  | Identified the +0 chain mail of Starshine {rPois Int+4
                  | Dex+2} (You bought it in a shop on level 4 of the Snake
                  | Pit)
 45194 | Snake:4  | Received a gift from Okawaru
 45997 | Snake:4  | Reached skill level 10 in Spellcasting
 49046 | Snake:4  | Identified the Volume of Floating Envenoming
 49206 | Snake:4  | Got a serpentine rune of Zot
 49799 | Elf:1    | Found Fybis's Antique Armour Shop.
 50954 | Elf:1    | Identified the +1 ring mail of Baldness {rElec MP-9 Str+4
                  | Dex+6}
 51228 | Swamp:1  | Entered Level 1 of the Swamp
 51718 | Swamp:1  | Received a gift from Okawaru
 51800 | Swamp:1  | Found a transporter.
 51866 | Swamp:1  | You are sucked into a shaft and drop 1 floor!
 52126 | Swamp:1  | Found a transporter.
 52459 | Swamp:1  | Identified Seonit's Papyrus of Snow and Unholy Magic
 53349 | Swamp:2  | Received a gift from Okawaru
 53652 | Swamp:2  | Acquired the -2 hat of the Alchemist {rElec rPois rF+ rC+
                  | rN+ Will+ rMut rCorr}
 53653 | Swamp:2  | Found the -2 hat of the Alchemist {rElec rPois rF+ rC+ rN+
                  | Will+ rMut rCorr}
 54631 | Swamp:3  | Reached skill level 19 in Summonings
 55581 | Swamp:4  | Entered Level 4 of the Swamp
 56235 | Swamp:4  | Reached XP level 20. HP: 86/164 MP: 30/34
 58438 | Swamp:4  | Got a decaying rune of Zot
 59346 | Elf:2    | Found Fici's Assorted Antiques.
 59638 | Elf:2    | Found Bocaarerr's General Store.
 59957 | Elf:2    | Identified the +8 falchion of the Howling Lamprey {venom,
                  | Str-3 Int+3 Dex+3} (Okawaru gifted it to you on level 2 of
                  | the Elven Halls)
 59957 | Elf:2    | Received a gift from Okawaru
 60116 | Elf:2    | Found Kuihegafe's Weapon Shoppe.
 60129 | Elf:2    | Reached skill level 20 in Summonings
 60519 | Elf:2    | Reached skill level 15 in Invocations
 60637 | Elf:2    | Found Uvunoy's Antique Weapon Emporium.
 61569 | Elf:2    | Found a huge runed translucent gate.
 61569 | Elf:2    | Found a huge runed translucent gate.
 61569 | Elf:2    | Found a huge runed translucent gate.
 61570 | Elf:2    | Found a huge runed translucent gate.
 61570 | Elf:2    | Found a huge runed translucent gate.
 61697 | Elf:3    | Entered Level 3 of the Elven Halls
 62302 | Elf:3    | Found Daqih's Distillery.
 63228 | Elf:3    | Received a gift from Okawaru
 63309 | Elf:3    | Reached skill level 10 in Evocations
 63432 | Elf:3    | Identified the +7 rapier "Frog's Curse" {flame, +Rage rPois
                  | rF- rC+}
 64193 | Elf:3    | Noticed a Tzitzimitl
 64347 | Elf:3    | Reached skill level 5 in Ice Magic
 64598 | Elf:3    | Reached skill level 5 in Air Magic
 65345 | Elf:3    | Identified the +1 chain mail of Virtue {*Slow rElec rF+++
                  | Int-2}
 65907 | Elf:3    | Identified the +1 pair of gloves "Kaorel" {-Tele rElec
                  | Regen+ Slay-3}
 65940 | Elf:3    | Identified the +7 hunting sling of Soykeh {freeze, rElec
                  | rCorr Dex-3}
 66409 | Elf:3    | Identified the ring of the Falcon {rC+ MP-9 Int+6 Dex+3}
 66733 | Vaults:1 | Entered Level 1 of the Vaults
 66833 | Vaults:1 | Reached XP level 21. HP: 171/171 MP: 28/35
 68064 | Vaults:1 | Found Fis Xaca's Assorted Antiques.
 69504 | Orc:2    | Bought shiny fire dragon scales for 1890 gold pieces
 70088 | Vaults:2 | Noticed Aizul
 70106 | Vaults:2 | Killed Aizul
 70431 | Vaults:2 | Noticed Bai Suzhen
 70461 | Vaults:2 | Killed Bai Suzhen
 70728 | Vaults:2 | Reached skill level 21 in Summonings
 71379 | Vaults:2 | Received a gift from Okawaru
 74763 | Vaults:3 | Received a gift from Okawaru
 74851 | Vaults:3 | Identified the +6 dire flail of Quddadus {drain, Drain
                  | rElec Str+3 Int+4}
 75845 | Vaults:3 | Reached XP level 22. HP: 184/184 MP: 38/38
 75978 | Vaults:3 | Identified the +1 ring mail of Bitumeu {Int+4 Stlth+}
 77390 | Vaults:3 | Found a staircase to the Crypt.
 77724 | Vaults:3 | Killed from afar by a crystal guardian

Illustrated notes

Levels and vault maps discovered:
D:1:      dpeg_arrival_water_fire, layout_loops_ring,
          hellmonk_ecumenical_altar_zigzags
D:2:      layout_basic, palyth_stone_intersect, feat_on_display, uniq_natasha,
          uniq_terence
D:3:      layout_basic, amcnicky_altar_lugonu_corruption
D:4:      minmay_recursive_quarters, layout_basic,
          minmay_temple_entry_glassed_door, minmay_misc_feat_pillars,
          kennysheep_generic_room_9
D:5:      corexii_shack_village, layout_cave_pools, fedhas_altar_2,
          zin_scriptorium, serial_gnoll_camp, gnoll_camp_mini_hut,
          gnoll_camp_huts_moat, gnoll_camp_mini_loothouse,
          gnoll_camp_mini_doghouse, serial_shops, shop_statue
D:6:      layout_loops_ring, marbit_many_paths, cheibrodos_sewer_entry_drain,
          serial_shops, shop_statue, shop, shop, nicolae_shop_statue_plus,
          nicolae_shop_crystal, kennysheep_generic_room_5
D:7:      layout_cave_pools, nemelex_dance_club_becter, serial_shops,
          shop_statue, kennysheep_generic_room_8, uniq_pikel, uniq_menkaure
D:8:      layout_cave_pools, serial_shops, shop, serial_rivers,
          chequers_serial_rivers_room_a, chequers_serial_rivers_large_a,
          chequers_serial_rivers_small_a, chequers_serial_rivers_room_a,
          minmay_alternating_orb
D:9:      gammafunk_the_bubble [the_bubble_gammafunk_split], layout_gridville,
          old_standard_altar, small_statue_alley_b, uniq_joseph
D:10:     layout_basic, chequers_temple_overflow_statue_of_worship,
          lair_entry_dummy, minmay_unpleasant_kobolds
D:11:     layout_gridville, erik_orc_3, serial_co_window_serial,
          co_window_corner_a, co_window_paths_a, co_window_corner_a,
          co_window_paths_b, co_window_cross_1, co_window_broadway_c,
          co_window_broadway_b, co_window_paths_c, glass_columns_a,
          glass_columns_c, glass_columns_a, glass_columns_b,
          portal_ice_cave_entry_animals_and_master
D:12:     layout_basic, serial_rivers, chequers_serial_rivers_micro_a,
          chequers_serial_rivers_room_b, chequers_serial_rivers_micro_c,
          chequers_serial_rivers_micro_d, chequers_serial_rivers_marsh,
          uniq_maurice
D:13:     layout_loops_ring, nrook_mini_backslash, kb_rosetta
D:14:     layout_stronghold, erik_vaults_2, lemuel_doored_altar, serial_shops,
          nicolae_shop_crystal
D:15:     grunt_enter_depths_snipers, layout_loops_ring,
          chequers_serial_rivers_room_b, serial_shops, shop, drop_trap
Temple:   eino_wide_crystal_templ
Lair:1:   layout_cave_pods
Lair:2:   layout_misc_corridors, minmay_swamp_entry_wisps, dummy_snake_entry
Lair:3:   layout_layer_cave
Lair:4:   layout_cave_pods, grunt_megastairs_1, lemuel_fruit_tree
Lair:5:   layout_roguey, nzn_ghost_randoct
Lair:6:   gammafunk_lair_ancient_temple, layout_loops_ring, slime_dummy,
          uniq_kirke
Swamp:1:  gammafunk_sealed_arena, layout_basic_swamp,
          evilmike_swamp_ruin_rubble_1, infiniplex_staircase_pool_2
Swamp:2:  layout_basic_swamp, evilmike_swamp_ruin_house_1
Swamp:3:  layout_basic_swamp, evilmike_swamp_ruin_rubble_2
Swamp:4:  swamp_basic_johnstein, layout_basic_swamp, swamp_pool2,
          nicolae_swamp_round_clearing, nicolae_swamp_spriggan_camp,
          infiniplex_staircase_pool
Snake:1:  layout_gridlike, st_stairs_1, drop_trap, serial_bayou_lake_a,
          uniq_azrael
Snake:2:  layout_gridlike, uniq_nikola, uniq_louise
Snake:3:  layout_onion_interference
Snake:4:  snake_pit, layout_layer_cave, serial_shops, shop, shop, shop, shop,
          nicolae_shop_crystal, special_room, ebering_ghost_xom, drop_trap
Orc:1:    layout_diamond_mine, basic_altar
Orc:2:    st_orc_rangers, layout_caves, gauntlet_entry_generic,
          maelrawn_ghost_gauntlet_escape, mines4_lemuel
Elf:1:    eino_elf_arrival_altar, layout_loops_cross, serial_shops,
          shop_fountains, kennysheep_underground_church,
          amcnicky_mini_rare_corridor_liquid
Elf:2:    layout_onion_city, serial_shops, shop_coins, shop, shop,
          nicolae_shop_behind_doors, grunt_megastairs_3
Elf:3:    minmay_elf_hall_curves, layout_loops_cross, serial_shops, shop
Vaults:1: nicolae_vaults_asterisk, nicolae_vaults_circle_grid_a,
          vaults_dpeg_hooks, v_misc_16, nicolae_vaults_yaktaur_gun_rack,
          v_misc_4, nicolae_vaults_ring_of_whatevers,
          vaults_room_stairs_pillars, layout_vaults_big_room, serial_shops,
          nicolae_shop_crystal
Vaults:2: v_rooms_1, v_misc_9, dpeg_vaults_monster_row, vaults_mumra_hex,
          vaults_dpeg_spiral, v_misc_14, ontoclasm_vaults_ring_small,
          layout_vaults_omnigrid, uniq_aizul, uniq_bai_suzhen
Vaults:3: v_alt_pattern_5, hangedman_vaults_hat,
          minmay_crypt_entry_simple_walls, nicolae_vaults_statue_guard,
          grunt_vaults_hallway_long, v_misc_12, ontoclasm_vaults_tryst,
          v_misc_1, ontoclasm_vaults_gateway, layout_vaults_ring, serial_shops,
          shop

Skill      XL: |  1  2  3  4  5  6  7  8  9 10 11 12 13 14 15 16 17 18 19 20 21 22 |
---------------+-------------------------------------------------------------------+-----
Stealth        | 2 3 4 |  4.0
Fighting       | 1 2 4 5 6 7 10 12 13 15 16 18 | 18.0
Dodging        | 3 4 5 6 10 11 12 | 12.0
Summonings     | 5 6 10 12 13 15 18 19 20 21 | 21.0
Spellcasting   | 3 4 6 8 9 10 12 | 12.0
Long Blades    | 4 7 12 14 | 14.0
Invocations    | 2 4 6 8 12 14 15 | 15.7
Evocations     | 4 8 10 11 | 11.7
Shields        | 4 |  4.0
Armour         | 3 4 6 8 |  8.0
Ice Magic      | 2 4 6 |  6.0
Air Magic      | 2 4 5 6 |  6.0

Action                   |  1- 3 |  4- 6 |  7- 9 | 10-12 | 13-15 | 16-18 | 19-21 | 22-24 || total
-------------------------+-------+-------+-------+-------+-------+-------+-------+-------++-------
Melee: Dagger            |    39 |    31 |       |       |       |       |       |       ||    70
       Rapier            |       |    80 |    22 |       |       |       |       |       ||   102
       Eudemon blade     |       |       |   239 |   536 |  1026 |   800 |  1303 |   173 ||  4077
       Demon blade       |       |       |       |     5 |    62 |       |    62 |       ||   129
Throw: Dart              |     6 |    30 |    12 |    13 |     1 |       |     8 |       ||    70
 Cast: Summon Small Mamm |    13 |     4 |     3 |       |     1 |       |       |       ||    21
       Call Imp          |     3 |    38 |    23 |    12 |     3 |     1 |     1 |       ||    81
       Call Canine Famil |       |     5 |    22 |    18 |    13 |    13 |    62 |     2 ||   135
       Summon Lightning  |       |       |       |       |    19 |    28 |   123 |     5 ||   175
       Summon Ice Beast  |       |       |       |       |    15 |    26 |    64 |       ||   105
       Summon Guardian G |       |       |       |       |       |     4 |    96 |     6 ||   106
Invok: Heroism           |       |       |       |       |     3 |     2 |     6 |       ||    11
 Abil: Hop               |       |     3 |       |       |     1 |     2 |     8 |     1 ||    15
Evoke: Wand              |       |     1 |       |       |     2 |     5 |     2 |       ||    10
       Condenser vane    |       |       |       |       |       |     1 |     3 |       ||     4
       Lightning rod     |       |       |       |       |       |     1 |       |       ||     1
  Use: Scroll            |     1 |     5 |     9 |    18 |     5 |     3 |    16 |       ||    57
       Potion            |       |       |       |     2 |     5 |     4 |     4 |       ||    15
 Stab: Sleeping          |     4 |     4 |    13 |     4 |     8 |     1 |     1 |       ||    35
       Distracted        |       |     2 |     1 |     1 |     9 |     7 |    10 |     3 ||    33
       Invisible         |       |       |       |       |     2 |       |       |       ||     2
Armor: Robe              |     2 |    15 |    18 |       |       |       |       |       ||    35
       Ring mail         |       |       |    18 |    28 |   188 |   117 |   174 |       ||   525
       Skin              |       |       |       |    52 |       |       |       |       ||    52
       Scale mail        |       |       |       |    20 |    13 |       |     9 |       ||    42
       Fire dragon scale |       |       |       |       |       |       |    74 |    34 ||   108
Dodge: Dodged            |    21 |    68 |   197 |   247 |   763 |   498 |   814 |    65 ||  2673
Block: Other             |       |    29 |    65 |    29 |       |       |       |       ||   123
       Reflection        |       |     1 |     6 |    10 |    37 |    31 |    95 |     6 ||   186
       Buckler           |       |       |       |   130 |   390 |   301 |   548 |    48 ||  1417
       Rpst.: Eudemon blade |       |       |    44 |    49 |   126 |   112 |   124 |    13 ||   468
       Demon blade       |       |       |       |       |     3 |       |     7 |       ||    10

Table legend: (Time is in decaauts)
 A = Elapsed time spent in this place.
 B = Non-inter-level travel time spent in this place.
 C = Inter-level travel time spent in this place.
 D = Time resting spent in this place.
 E = Time spent auto-exploring this place.
 F = Levels seen in this place.
 G = Mean time per level.
                   A        B        C        D        E       F      G
               +--------+--------+--------+--------+--------+-----+--------+
         Total |  84081 |  75844 |   8237 |  32175 |  31656 |  41 | 2050.8 |
       Dungeon |  25950 |  22083 |   3867 |   5568 |  12923 |  15 | 1730.0 |
        Temple |    123 |    102 |     21 |      0 |    100 |   1 |  123.0 |
          Lair |   8993 |   8047 |    946 |   2043 |   4901 |   6 | 1498.8 |
         Swamp |   8270 |   7535 |    735 |   3908 |   2430 |   4 | 2067.5 |
     Snake Pit |  14034 |  13399 |    635 |   8190 |   3414 |   4 | 3508.5 |
  Orcish Mines |   3775 |   3143 |    632 |   1209 |   1294 |   2 | 1887.5 |
   Elven Halls |  10135 |   9441 |    694 |   4978 |   2950 |   3 | 3378.3 |
        Vaults |  10699 |   9994 |    705 |   5835 |   2637 |   3 | 3566.3 |
         Sewer |    643 |    643 |      0 |      2 |    471 |   1 |  643.0 |
      Ice Cave |    631 |    631 |      0 |    215 |    157 |   1 |  631.0 |
      Gauntlet |    824 |    824 |      0 |    224 |    376 |   1 |  824.0 |
               +--------+--------+--------+--------+--------+-----+--------+

Top non-repeatable levels by time:
Vaults:2: 5051 daAuts
 Snake:3: 4927 daAuts
   Elf:3: 4891 daAuts
 Snake:4: 3869 daAuts
 Snake:1: 3045 daAuts
Vaults:1: 2900 daAuts
    D:10: 2756 daAuts
Vaults:3: 2748 daAuts
     D:4: 2728 daAuts
   Elf:2: 2715 daAuts
 Swamp:3: 2640 daAuts
 Swamp:4: 2634 daAuts
   Orc:2: 2589 daAuts
   Elf:1: 2528 daAuts
 Snake:2: 2192 daAuts
